Map: Pillars of Gold LE

Players

ZeuS

  • Race: Terran Terran
  • Spawn Location: 1:00

Zarathustra - Winner!

  • Race: Protoss Protoss
  • League: Diamond
  • Spawn Location: 7:00

VOD

Have the link to the VOD?

Description

Time

  • Played on: June 29, 2020, 7:55 p.m.
  • Length: 12:03
Show
View Real Time Build Order
Export as new Build Order

ZeuS Terran 

Build Orders:  

Get SALT Encoding   

  12  0:01  SCV  
  13  0:13  SCV  
  14  0:18  Supply Depot  
  14  0:25  SCV  
  15  0:36  Refinery  
  15  0:40  SCV  
  16  0:46  Barracks  
  16  0:53  SCV  
  17  1:03  Refinery  
  17  1:05  SCV  
  18  1:17  SCV  
  19  1:35  Bunker, Marine  
  19  1:39  Supply Depot  
  20  1:41  Orbital Command  
  19  2:09  Factory  
  19  2:13  Barracks  
  19  2:15  Marine  
  20  2:35  Marine  
  20  2:36  Supply Depot  
  21  2:37  Supply Depot  
  20  2:52  Marine  
  20  2:54  Factory Tech Lab  
  20  2:58  Supply Depot  
  20  3:03  Marine  
  21  3:07  SCV  
  22  3:13  Marine  
  22  3:19  Siege Tank  
  24  3:39  Marine  
  24  3:40  Marine  
  25  3:59  Marine x2  
  27  4:27  Marine x2  
  27  4:28  Siege Tank  
  32  4:41  SCV  
  33  4:46  Refinery  
  33  4:53  SCV  
  34  5:00  Siege Tank  
  34  5:05  SCV  
  38  5:07  Marine  
  38  5:11  Supply Depot  
  39  5:33  SCV, Marine x2  
  42  5:38  Starport  
  42  5:51  Marine  
  42  5:59  Marine  
  42  6:00  Cyclone  
  42  6:02  SCV  
  47  6:05  Engineering Bay  
  47  6:14  Supply Depot  
  47  6:15  Supply Depot  
  47  6:25  Starport Reactor  
  47  6:32  Barracks Tech Lab  
  47  6:34  SCV  
  48  6:42  Cyclone  
  48  6:43  Barracks Reactor  
  48  6:46  SCV  
  52  6:58  SCV  
  48  7:09  Medivac  
  48  7:10  Viking, SCV  
  48  7:11  Marine  
  48  7:12  Stimpack  
  54  7:23  Marine x2  
  56  7:33  Hellion  
  56  7:35  Marine  
  59  7:39  Medivac  
  61  7:57  Medivac, Marine  
  64  8:04  Hellion, Marine x2  
  68  8:15  Marine  
  65  8:36  Marine x3  
  68  8:42  SCV  
  68  8:45  Command Center  
  69  8:50  Medivac  
  69  8:54  SCV  
  70  9:10  Marine  
  71  9:18  Supply Depot  
  71  9:19  Supply Depot  
  71  9:22  Marine x2  
  70  9:28  Marine  
  58  9:52  Marine x2  
  49  9:53  Marauder  
  37  10:09  Planetary Fortress  
  37  10:10  Marine x2  
  37  10:12  SCV  
  39  10:14  Marauder, Refinery  
  41  10:23  Bunker  
  41  10:36  Marauder  
  41  10:39  Siege Tank  
  46  10:49  SCV  
  47  10:50  SCV  
  48  11:01  SCV  
  48  11:03  Liberator x2  
  55  11:04  Marine  
  55  11:05  Marine  
  49  11:21  Marine  
  49  11:22  Marine  
  43  11:37  SCV  
  43  11:39  SCV  
  38  11:40  Marine  
Show
View Real Time Build Order
Export as new Build Order

Zarathustra Protoss - Winner!

Build Orders:  

Get SALT Encoding   

  12  0:02  Probe  
  14  0:14  Probe  
  14  0:18  Pylon  
  14  0:25  Probe  
  15  0:33  Probe  
  15  0:41  Probe, Forge  
  17  0:52  Probe  
  18  1:02  Pylon  
  18  1:21  Photon Cannon  
  18  1:22  Photon Cannon  
  18  1:31  Assimilator  
  18  1:38  Pylon  
  18  1:43  Gateway  
  18  2:01  Photon Cannon  
  18  2:07  Photon Cannon  
  18  2:13  Pylon  
  18  2:18  Photon Cannon  
  18  2:21  Photon Cannon  
  18  2:22  Probe  
  19  2:34  Probe  
  20  2:39  Cybernetics Core  
  20  2:50  Photon Cannon  
  20  2:51  Photon Cannon  
  20  2:57  Probe  
  20  3:04  Assimilator  
  20  3:06  Warp Gate  
  20  3:08  Stalker  
  20  3:09  Probe  
  22  3:21  Probe  
  23  3:33  Probe  
  24  3:35  Stalker  
  24  3:41  Gateway  
  24  3:45  Probe  
  27  3:57  Probe  
  28  4:09  Probe  
  29  4:16  Stargate  
  29  4:30  Probe  
  30  4:31  Stalker  
  30  4:32  Stalker  
  32  4:42  Pylon  
  32  4:48  Probe  
  33  4:58  Void Ray  
  33  5:12  Stalker x2  
  41  5:30  Nexus  
  41  5:40  Pylon  
  41  5:49  Void Ray  
  41  6:02  Stalker  
  47  6:07  Pylon  
  47  6:10  Pylon  
  47  6:19  Twilight Council  
  47  6:27  Probe  
  48  6:34  Gateway  
  48  6:41  Stalker  
  50  6:56  Void Ray  
  50  7:00  Blink  
  44  7:07  Probe  
  48  7:09  Probe  
  48  7:15  Probe  
  50  7:18  Robotics Facility  
  50  7:21  Probe  
  52  7:25  Probe  
  53  7:33  Probe  
  55  7:37  Probe  
  55  7:45  Probe  
  55  7:49  Probe  
  53  8:03  Probe  
  57  8:06  Assimilator  
  57  8:07  Assimilator, Observer  
  58  8:20  Gateway x2  
  58  8:22  Gateway  
  58  8:25  Gateway  
  54  8:39  Stalker  
  54  8:40  Stalker x2  
  57  8:43  Protoss Ground Weapons Level 1  
  57  8:47  Immortal  
  61  9:10  Pylon  
  61  9:19  Pylon  
  54  9:36  Stalker x6  
  54  9:37  Stalker  
  54  10:05  Stalker x6  
  66  10:12  Probe x2  
  68  10:24  Probe x2  
  68  10:26  Robotics Bay  
  70  10:41  Pylon  
  70  10:59  Probe x2  
  60  11:46  Stalker x5  
  60  11:47  Stalker x2  
Tags
 
Add a new tag
Caveats
  • Supply blocks, unpowered buildings, or Contaminate may cause inaccurate times.
  • Supply counts are checked every 10 seconds.